 Dungeon Crawl Stone Soup version 0.29.1-2-gbd0b4ee654 (webtiles) character file.

Game seed: 12831573842339413590

758 qeuew the Chopper (level 7, -5/62 HPs)
             Began as a Minotaur Berserker on Nov 14, 2022.
             Was a Believer of Trog.
             Slain by a gnoll
             ... wielding a +0 flail
              (7 damage)
             ... on level 5 of the Dungeon.
             The game lasted 00:08:10 (5192 turns).

qeuew the Chopper (Minotaur Berserker)              Turns: 5192, Time: 00:08:11

Health: -5/62      AC:  6    Str: 21    XL:     7   Next: 50%
Magic:  6/6        EV: 12    Int:  4    God:    Trog [**....]
Gold:   203        SH:  0    Dex: 12    Spells: 6/6 levels left

rFire   . . .      SeeInvis .   c - +0 war axe
rCold   . . .      Faith    .   (no shield)
rNeg    . . .      Spirit   .   i - +0 ring mail
rPois   .          Reflect  .   (helmet restricted)
rElec   .          Harm     .   (no cloak)
rCorr   .          Rampage  .   (no gloves)
Will    +++..                   (no boots)
Stlth   +.........              (no amulet)
HPRegen 1.20/turn               l - ring of willpower
MPRegen 0.10/turn               (no ring)

@: mighty, strong-willed, on berserk cooldown, regenerating, slowed, very slow
A: horns 2, retaliatory headbutt
a: Renounce Religion, Berserk, Trog's Hand


You were on level 5 of the Dungeon.
You worshipped Trog.
Trog was pleased with you.
You visited 1 branch of the dungeon, and saw 5 of its levels.

You collected 203 gold pieces.

Inventory:

Hand Weapons
 c - a +0 war axe (weapon)
Armour
 i - a +0 ring mail (worn)
Jewellery
 l - a ring of willpower (left hand)
Wands
 f - a wand of quicksilver (2)
 k - a wand of polymorph (5)
Potions
 b - a potion of haste
 d - a potion of heal wounds
 g - a potion of magic
 h - 3 potions of curing
 j - 2 potions of flight
 o - a potion of resistance


   Skills:
 + Level 5.8 Fighting
 + Level 5.8 Axes
 + Level 5.2 Armour
 + Level 4.7 Dodging
 + Level 2.5 Evocations


You had 6 spell levels left.
You didn't know any spells.
Your spell library was empty.

Dungeon Overview and Level Annotations

Branches:
Dungeon (5/15)             Temple (0/1) D:4

Altars:
Cheibriados
Uskayaw

Shops:
D:2 ?   D:3 =


Innate Abilities, Weirdness & Mutations

You have a pair of horns on your head.
You reflexively headbutt those who attack you in melee.


Message History

a +0 flail; a gnoll corpse; a hound corpse You slash the gnoll!
You kill the gnoll!
Trog accepts your kill.
You slash the gnoll! The gnoll hits you but does no damage.
Unknown command.
You slice the gnoll!!
You kill the gnoll!
Trog accepts your kill.
You slice the gnoll!!
You kill the gnoll!
Trog accepts your kill.
A gnoll comes into view. It is wielding a +0 flail.
Things that are here:
a +0 spear; 17 gold pieces; a gnoll corpse 2 gnolls come into view.
You feel a strong urge to attack something.
You are no longer berserk.
You are exhausted.
You feel yourself slow down.
The gnoll shouts! x2
Your skin crawls.
You feel strong-willed.
The gnoll throws a stone.
The stone hits you.
* * * LOW HITPOINT WARNING * * *
Okay, then.
Okay, then.
You feel very mighty all of a sudden.
The gnoll throws a stone.
The stone hits you.
* * * LOW HITPOINT WARNING * * *
The gnoll closely misses you. The gnoll hits you with a +0 halberd.
* * * LOW HITPOINT WARNING * * *
The gnoll closely misses you. You furiously retaliate!
You headbutt the gnoll! The gnoll hits you with a +0 flail.
* * * LOW HITPOINT WARNING * * *
The gnoll hits you with a +0 halberd.
* * * LOW HITPOINT WARNING * * *
The gnoll hits you with a +0 flail!
You die...

#..####..#.....#####
#..#.....#.........#
#.##...............# #
#................ .
#.##.............# .[.
.#...............##....
..............))>......
..##.........).).......
..........g@..##.......
.......)#.g.g## ......#
###.......#.... ......#
#.......###.........#
#........ ..###.....
#.....##.# ..# #....
#.....# .. ### ....
#...... ..


You could see 3 gnolls.

Vanquished Creatures
  An ogre (D:4)
  2 scorpions (D:5)
  A necrophage (D:5)
  A gnoll sergeant (D:3)
  5 hounds
  A jelly (D:5)
  Jessica (D:2)
  An iguana (D:4)
  8 gnolls
  3 adders
  An ufetubus (D:5)
  2 worms (D:4)
  A dart slug (D:2)
  10 orcs
  5 ball pythons
  7 bats
  6 endoplasms
  4 giant cockroaches
  6 goblins
  7 hobgoblins
  4 quokkas
  A frilled lizard (D:2)
  5 kobolds
  7 rats
90 creatures vanquished.

Notes
Turn   | Place    | Note
-------+----------+-------------------------------------------
     0 | D:1      | qeuew the Minotaur Berserker began the quest for the Orb.
     0 | D:1      | Reached XP level 1. HP: 19/19 MP: 0/0
   404 | D:1      | Reached XP level 2. HP: 23/27 MP: 1/1
  1159 | D:2      | Found a faded altar of an unknown god.
  1662 | D:2      | Reached XP level 3. HP: 31/33 MP: 2/2
  1741 | D:2      | Reached ** piety under Trog
  1810 | D:2      | Noticed Jessica
  1825 | D:2      | Killed Jessica
  1826 | D:2      | Reached XP level 4. HP: 24/41 MP: 3/3
  2097 | D:2      | Found Toso's Magic Scroll Boutique.
  2436 | D:3      | Found a hide-covered altar of Uskayaw.
  2462 | D:3      | Noticed a gnoll sergeant
  2689 | D:3      | Killed a gnoll sergeant
  2690 | D:3      | Reached XP level 5. HP: 47/47 MP: 4/4
  2696 | D:3      | Reached skill level 1 in Evocations
  3110 | D:3      | Found Zareq's One-of-a-Kind Rings.
  3738 | D:4      | Reached skill level 5 in Fighting
  3738 | D:4      | Reached skill level 5 in Axes
  3738 | D:4      | Reached XP level 6. HP: 40/56 MP: 5/5
  4271 | D:4      | Found a staircase to the Ecumenical Temple.
  4644 | D:4      | Found a snail-covered altar of Cheibriados.
  4879 | D:5      | Entered Level 5 of the Dungeon
  4976 | D:5      | Reached XP level 7. HP: 60/61 MP: 6/6
  4981 | D:5      | Reached skill level 5 in Armour
  5192 | D:5      | HP: 2/62 [gnoll/+0 halberd (5)]
  5192 | D:5      | Slain by a gnoll

Illustrated notes

Levels and vault maps discovered:
D:1:      enne_arrival_octagon_isle, layout_basic, serial_co_window_serial,
          co_window_of_opportunity_a, co_window_corner_a, co_window_cross_1,
          co_window_corner_a, co_window_paths_b, co_window_paths_b,
          co_window_cross_1, co_window_paths_b, co_window_of_opportunity_a,
          co_window_of_opportunity_b, co_window_corner_b, co_window_broadway_b,
          co_window_cross_2, glass_columns_a, glass_columns_a, glass_columns_a,
          glass_columns_b
D:2:      layout_loops_cross, serial_rivers, chequers_serial_rivers_small_3,
          chequers_serial_rivers_small_a, chequers_serial_rivers_micro_a,
          chequers_serial_rivers_small_b, nicolae_ecumenical_oubliette,
          serial_shops, nicolae_shop_competitors_out_of_business,
          kennysheep_generic_room_11, uniq_jessica
D:3:      layout_basic, nicolae_uskayaw_dance_hall, nicolae_shop_unique_rings
D:4:      layout_cave_pods, cheibrodos_worm_habitat,
          minmay_temple_entry_from_below_a
D:5:      layout_cave_pools, gammafunk_ghost_mausoleum

Skill      XL: |  1  2  3  4  5  6  7 |
---------------+----------------------+-----
Fighting       | 4 5 |  5.8
Axes           | 4 5 |  5.8
Armour         | 3 4 5 |  5.2
Dodging        | 3 4 |  4.7
Evocations     | 1 2 |  2.5

Action                   |  1- 3 |  4- 6 |  7- 9 || total
-------------------------+-------+-------+-------++-------
Melee: Hand axe          |    42 |       |       ||    42
       Headbutt          |     6 |    14 |     4 ||    24
       War axe           |    28 |   114 |    18 ||   160
       Punch             |       |     1 |     1 ||     2
Invok: Berserk           |       |     2 |     1 ||     3
       Trog's Hand       |       |       |     1 ||     1
  Use: Scroll            |     6 |     6 |       ||    12
       Potion            |     3 |       |     1 ||     4
Armor: Animal skin       |     1 |       |       ||     1
       Ring mail         |    14 |    40 |    12 ||    66
Dodge: Dodged            |    39 |    61 |    13 ||   113
